 Dungeon Crawl Stone Soup version 0.24-a0-506-g958ff8eaa0 (webtiles) character file.

Game seed: 5193718054004191109

1194 Gynju the Zephyrmancer (level 8, -5/43 HPs)
             Began as a Tengu Air Elementalist on July 18, 2019.
             Was an Initiate of Vehumet.
             Shot with an arrow by a centaur (6 damage)
             ... on level 6 of the Dungeon.
             The game lasted 00:19:41 (7539 turns).

Gynju the Zephyrmancer (Tengu Air Elementalist)     Turns: 7539, Time: 00:19:41

Health: -5/43      AC:  5    Str:  8    XL:     8   Next: 44%
Magic:  0/16       EV: 13    Int: 17    God:    Vehumet [......]
Gold:   371        SH:  0    Dex: 16    Spells: 10/17 levels left

rFire    . . .     SeeInvis .   A - +3 hunting sling "Powuh" {speed, +Blink rElec rF-}
rCold    x . .     Gourm    .   (no shield)
rNeg     . . .     Faith    .   y - +0 ring mail
rPois    .         Spirit   +   (helmet restricted)
rElec    +         Reflect  .   (no cloak)
rCorr    .         Harm     .   (no gloves)
MR       .....                  (boots unavailable)
Stlth    +.........             x - amulet of guardian spirit
HPRegen  0.14/turn              w - ring of fire
MPRegen  0.15/turn              (no ring)

@: flying quickly and evasively, quick
A: beak, talons 3, able to fly
a: Stop Flying, Renounce Religion, Evoke Blink


You were on level 6 of the Dungeon.
You worshipped Vehumet.
Vehumet was noncommittal.
You were not hungry.

You visited 2 branches of the dungeon, and saw 7 of its levels.

You collected 371 gold pieces.

Inventory:

Hand Weapons
 m - a +2 trident of pain
 A - the +3 hunting sling "Powuh" (weapon) {speed, +Blink rElec rF-}
   (You took it off an orc on level 5 of the Dungeon)

   Attacks with this weapon are significantly faster.
   It makes you vulnerable to fire.
   It insulates you from electricity.
   It lets you blink.
 B - a +2 short sword of speed
Missiles
 l - 7 curare-tipped darts
 v - 10 poisoned darts
 C - 17 stones
 D - 24 sling bullets (quivered)
Armour
 a - a +1 robe
 y - a +0 ring mail (worn)
Magical Staves
 E - an uncursed staff of conjuration {unknown}
Jewellery
 f - an uncursed ring of ice
 w - a ring of fire (left hand)
 x - an amulet of guardian spirit (around neck)
Wands
 s - a wand of random effects (55)
 z - a wand of enslavement (8)
Scrolls
 b - 2 scrolls of enchant weapon
 d - 2 scrolls of amnesia
 e - 3 scrolls of remove curse
 h - a scroll of immolation
 n - 5 scrolls of teleportation
 o - a scroll of blinking {unknown}
 p - 2 scrolls of identify {unknown}
 q - a scroll of fear
 G - a scroll of noise {unknown}
Potions
 g - a potion of cancellation {unknown}
 i - 5 potions of heal wounds {unknown}
 j - 4 potions of curing {unknown}
 k - 4 potions of brilliance {unknown}
 r - 3 potions of mutation {unknown}
 t - 2 potions of might {unknown}
 u - a potion of flight {unknown}
Comestibles
 c - 12 rations
 F - 2 chunks of flesh


   Skills:
 + Level 1.3 Fighting
 + Level 1.5 Armour
 + Level 3.0 Dodging
 - Level 2.0 Stealth
 - Level 5.0 Spellcasting
 * Level 7.5 Conjurations
 - Level 8.0 Air Magic


You had 10 spell levels left.
You knew the following spells:

 Your Spells              Type           Power        Failure   Level  Hunger
a - Shock                 Conj/Air       ####         1%          1    None
b - Swiftness             Chrm/Air       ###.....     12%         2    #......
c - Airstrike             Air            ####......   16%         4    ####...

Your spell library contained the following spells:

 Spells                   Type           Power        Failure   Level  Hunger
 Static Discharge         Conj/Air       ####....     5%          3    ###....
 Lightning Bolt           Conj/Air       ####......   43%         5    ######.


Dungeon Overview and Level Annotations

Branches:
Dungeon (6/15)             Temple (1/1) D:5

Altars:
Ashenzari
Cheibriados
Dithmenos
Elyvilon
Fedhas
Gozag
Kikubaaqudgha
Makhleb
Nemelex Xobeh
Okawaru
Qazlal
Ru
Sif Muna
Trog
Uskayaw
Vehumet
Wu Jian
Xom
Yredelemnul
Zin
The Shining One

Annotations:
D:4 exclusion: phantom


Innate Abilities, Weirdness & Mutations

You have a beak for a mouth.
You have claws for feet.
You can fly continuously.


Message History

The centaur wields a +0 shortbow.
The centaur shoots an arrow.
The arrow hits you!
The centaur shoots an arrow.
The arrow hits you!
You hear a shout!
You see here an arrow.
The centaur shoots an arrow.
The arrow hits you.
The centaur shoots an arrow.
The arrow hits you!
* * * LOW HITPOINT WARNING * * *
You see here an arrow.
The centaur shoots an arrow.
The arrow completely misses you.
The centaur shoots an arrow.
The arrow misses you.
Okay, then.
You blink.
You feel slightly more hungry.
The centaur shoots an arrow.
The arrow closely misses you.
You see here an arrow.
The centaur shoots an arrow.
The arrow hits you!
* * * LOW HITPOINT WARNING * * *
The centaur shoots an arrow.
The arrow closely misses you.
The centaur shoots an arrow.
The arrow hits you!
You die...

#######.......#.###
##........# ##...#####
#...# #...# .. #...#
#.## #...# #######..
..... #...# #........
.....###...####@###
#.................##..
#............(.........
..................#####
..##.##......##.#....#
. ... #....#.##......#
..## #...c#.#####.#.# .
#....#.# .....
#....#(#####.##.#


You could see a centaur.

Vanquished Creatures
  2 ice beasts (D:5)
  An ogre (D:4)
  A centaur (D:6)
  A scorpion (D:4)
  A crimson imp (D:5)
  A quasit (D:5)
  4 hounds
  3 orc priests
  4 orc wizards
  2 worker ants
  Natasha (thrice) (D:3)
  2 hound skeletons
  Robin (D:3)
  7 adders
  2 oozes
  An adder skeleton (D:4)
  5 worms
  9 dart slugs
  5 leopard geckos
  15 orcs
  A ball python (D:2)
  7 giant cockroaches
  13 goblins
  12 hobgoblins
  6 jackals (D:3)
  A quokka (D:2)
  10 bats
  6 frilled lizards
  8 kobolds
  A leopard gecko skeleton (D:5)
  9 rats
144 creatures vanquished.

Notes
Turn   | Place    | Note
-------+----------+-------------------------------------------
     0 | D:1      | Gynju the Tengu Air Elementalist began the quest for the
                  | Orb.
     0 | D:1      | Reached XP level 1. HP: 10/10 MP: 4/4
   294 | D:1      | Reached XP level 2. HP: 14/15 MP: 3/6
   877 | D:2      | Reached XP level 3. HP: 19/19 MP: 3/7
  1561 | D:2      | Reached XP level 4. HP: 24/24 MP: 3/9
  1728 | D:2      | Reached skill level 5 in Air Magic
  1863 | D:2      | Learned a level 2 spell: Swiftness
  2383 | D:3      | Noticed Natasha
  2386 | D:3      | Killed Natasha
  2524 | D:3      | Noticed Natasha
  2533 | D:3      | Killed Natasha
  2533 | D:3      | Gained mutation: You can fly continuously. [Tengu growth]
  2533 | D:3      | Reached XP level 5. HP: 28/28 MP: 0/10
  2940 | D:3      | Noticed Robin
  2949 | D:3      | Killed Robin
  3066 | D:3      | Noticed Natasha
  3073 | D:3      | Killed Natasha
  3415 | D:3      | Reached XP level 6. HP: 32/32 MP: 9/12
  3432 | D:3      | Reached skill level 6 in Air Magic
  4235 | D:4      | Reached skill level 5 in Conjurations
  4383 | D:4      | Noticed a phantom
  4417 | D:4      | Reached XP level 7. HP: 36/36 MP: 8/14
  4810 | D:4      | Learned a level 4 spell: Airstrike
  4913 | D:4      | Reached skill level 7 in Air Magic
  5375 | D:5      | Entered Level 5 of the Dungeon
  5895 | D:5      | Found a white marble altar of Elyvilon.
  5918 | D:5      | Reached XP level 8. HP: 36/41 MP: 7/16
  6027 | D:5      | Reached skill level 5 in Spellcasting
  6141 | D:5      | Found a staircase to the Ecumenical Temple.
  6167 | Temple   | Entered the Ecumenical Temple
  6187 | Temple   | Became a worshipper of Vehumet
  6885 | D:5      | Identified the cursed +3 hunting sling "Powuh" {speed,
                  | +Blink rElec rF-}
  6904 | D:5      | Reached skill level 8 in Air Magic
  6913 | D:5      | Reached skill level 1 in Armour
  7226 | D:6      | Reached skill level 1 in Fighting
  7532 | D:6      | HP: 1/43 [centaur/arrow (7)]
  7539 | D:6      | Shot with an arrow by a centaur

Levels and vault maps discovered:
D:1:      lemuel_arrival_behind_the_door_small, layout_basic
D:2:      layout_basic, minmay_misc_feat_rows
D:3:      layout_loops_cross, first_ration, uniq_robin, uniq_natasha
D:4:      layout_rooms, minmay_misc_feat_x
D:5:      kennysheep_slugbush, layout_basic, temple_pool_b, elyvilon_altar_4
D:6:      layout_loops_cross, minmay_fractal_squares_5
Temple:   nicolae_temple_the_god_donut

Skill      XL: |  1  2  3  4  5  6  7  8 |
---------------+-------------------------+-----
Conjurations   | 2 3 4 5 6 7 |  7.5
Air Magic      | 5 6 7 8 |  8.0
Spellcasting   | 3 4 5 |  5.0
Armour         | 1 |  1.5
Fighting       | 1 |  1.3
Dodging        | 3 |  3.0
Stealth        | |  2.0

Action                   |  1- 3 |  4- 6 |  7- 9 || total
-------------------------+-------+-------+-------++-------
Melee: Unarmed           |     2 |       |       ||     2
       Peck              |     1 |     2 |     3 ||     6
       Whip              |     6 |    12 |       ||    18
       Kick              |     2 |     1 |     1 ||     4
       Trident           |       |     2 |     6 ||     8
Throw: Dart              |     1 |     4 |       ||     5
 Cast: Shock             |    62 |   155 |   144 ||   361
       Swiftness         |       |     1 |       ||     1
       Airstrike         |       |       |     1 ||     1
 Abil: Fly               |       |     1 |       ||     1
       Evoke Blink       |       |       |     1 ||     1
  Use: Scroll            |       |     8 |     1 ||     9
  Eat: Chunk             |     2 |    10 |     9 ||    21
Armor: Robe              |       |     3 |     3 ||     6
       Ring mail         |       |       |     4 ||     4
Dodge: Dodged            |    13 |    14 |    22 ||    49

Table legend:
 A = Non-vault XP
 B = Vault XP
 C = Vault XP percentage of total XP
 D = Non-vault monster count
 E = Vault monster count
 F = Vault count percentage of total count
                 A         B        C        D         E       F
            +---------+---------+-------+---------+---------+-------
      Total |    1600 |     107 |   6.3 |     122 |      22 |  15.3
            +---------+---------+-------+---------+---------+-------
        D:1 |      30 |       0 |   0.0 |      21 |       0 |   0.0
        D:2 |      80 |       2 |   2.4 |      26 |       1 |   3.7
        D:3 |     207 |      73 |  26.1 |      29 |      13 |  31.0
        D:4 |     543 |       0 |   0.0 |      26 |       0 |   0.0
        D:5 |     522 |      32 |   5.8 |      15 |       8 |  34.8
        D:6 |     218 |       0 |   0.0 |       5 |       0 |   0.0
            +---------+---------+-------+---------+---------+-------
